 Dungeon Sprint DCSS version 0.26-a0-651-gb41185065b (webtiles) character file.

Game seed: 779644464811407769

5519 tsouns the Fencer (level 11, -7/87 HPs)
             Began as a Halfling Berserker on Oct 28, 2020.
             Was a High Priest of Trog.
             Killed from afar by a lindwurm (49 damage)
             ... with a blast of flame
             ... in the Dungeon (Sprint IX: "|||||||||||||||||||||||||||||").
             The game lasted 00:04:07 (1094 turns).

tsouns the Fencer (Halfling Berserker)              Turns: 1094, Time: 00:04:08

Health: -7/87      AC: 20    Str: 20    XL:     11   Next: 1%
Magic:  3/3        EV: 15    Int:  5    God:    Trog [*****.]
Gold:   0          SH:  0    Dex: 16    Spells: 10/10 levels left

rFire    . . .     SeeInvis .   w - +4 double sword (antimagic)
rCold    . . .     Faith    .   (shield currently unavailable)
rNeg     . . .     Spirit   .   o - +1 chain mail
rPois    .         Reflect  .   n - +0 helmet
rElec    .         Harm     .   (no cloak)
rCorr    .         Rampage  .   (no gloves)
MR       .....     NoTele   +   m - +0 pair of boots
Stlth    ..........             (no amulet)
HPRegen  0.24/turn              p - +2 ring of protection
MPRegen  0.08/turn              q - +2 ring of protection

@: berserk cooldown, slowed, very slow
A: small, mutation resistance 1
a: Berserk, Trog's Hand, Brothers in Arms, Renounce Religion


You were in the Dungeon.
You worshipped Trog.
Trog was extremely pleased with you.
You visited 1 branch

Inventory:

Hand Weapons
 a - a +0 falchion
 l - a +2 scimitar of holy wrath
 w - a +4 antimagic double sword (weapon)
Armour
 b - a +0 animal skin
 m - a +0 pair of boots (worn)
 n - a +0 helmet (worn)
 o - a +1 chain mail (worn)
Jewellery
 p - a +2 ring of protection (left hand)
 q - a +2 ring of protection (right hand)
Wands
 k - a wand of iceblast (8)
Scrolls
 h - 2 scrolls of blinking
 j - 5 scrolls of remove curse
 s - a scroll of immolation
 t - 3 scrolls of fog
 u - 2 scrolls of enchant weapon
 v - a scroll of fear
Potions
 c - 6 potions of curing
 d - 5 potions of heal wounds
 e - a potion of haste
 f - 4 potions of magic
 g - 3 potions of berserk rage
 i - a potion of invisibility
 r - a potion of mutation


   Skills:
 + Level 12.8 Fighting
 + Level 16.2 Long Blades
 + Level 11.1 Armour
 + Level 7.2 Dodging
 + Level 2.4 Stealth
 + Level 2.3 Evocations


You had 10 spell levels left.
You didn't know any spells.
Your spell library was empty.

Dungeon Overview and Level Annotations

Branches:
Dungeon (1/1)

Altars:
Cheibriados
Dithmenos
Elyvilon
Fedhas
Gozag
Hepliaklqana
Kikubaaqudgha
Makhleb
Nemelex Xobeh
Okawaru
Qazlal
Ru
Sif Muna
Trog
Uskayaw
Vehumet
Wu Jian
Xom
Yredelemnul
Zin
The Shining One
Beogh
Jiyva
Lugonu


Innate Abilities, Weirdness & Mutations

You are small and have problems with some larger weapons.
You are somewhat resistant to further mutation.


Message History

There is an open door to Lair:6 here.
The lindwurm bites you!
The lindwurm claws you but does no damage.
The lindwurm misses you.
You barely miss the lindwurm.
The lindwurm bites you but does no damage.
The lindwurm barely misses you.
The lindwurm claws you but does no damage.
You barely miss the lindwurm.
The lindwurm bites you but does no damage.
The lindwurm claws you but does no damage. x2
You hit the lindwurm.
The lindwurm is lightly wounded.
The lindwurm misses you. The lindwurm closely misses you. x2
You slash the lindwurm!
The lindwurm is moderately wounded.
The lindwurm breathes flames at you. The blast of flame hits you!!!
Ouch! That really hurt!
You die...

▓▓▓▓▓▓▓▓▓▓▓▓▓▓▓▓▓▓▓▓▓▓▓▓▓▓▓▓▓▓▓▓▓
_______________'.?)......†)....)'
▓▓▓▓▓▓▓▓▓▓▓▓▓▓▓▓▓▓▓▓▓▓▓▓▓▓▓▓▓▓▓▓▓
.................................
▓▓▓▓▓▓▓▓▓▓▓▓▓▓▓▓▓▓▓▓▓▓▓▓▓▓▓▓▓▓▓▓▓
.†).†÷.......††'@k......
▓▓▓▓▓▓▓▓▓▓▓▓▓▓▓▓▓▓▓▓▓▓▓▓


You could see a lindwurm (catching breath).

Vanquished Creatures
  A tengu warrior (D)
  A lindwurm (D)
  A black mamba (D)
  A cane toad (D)
  2 trolls (D)
  A polar bear (D)
  2 tyrant leeches (D)
  A hornet (D)
  2 hippogriffs (D)
  2 porcupines (D)
  An orc warrior (D)
  2 water moccasins (D)
  An eye of draining (D)
  A centaur (D)
  3 crocodiles (D)
  3 bullfrogs (D)
  A hound (D)
  An adder (D)
  A worm (D)
  2 dart slugs (D)
  An orc (D)
  2 goblins (D)
  A bat (D)
  A jackal zombie (D)
  A leopard gecko skeleton (D)
  A quokka zombie (D)
  A rat (D)
38 creatures vanquished.

Vanquished Creatures (collateral kills)
  A hydra (D)
  A lindwurm (D)
  An elephant (D)
  2 tyrant leeches (D)
  A dream sheep (D)
  A hippogriff (D)
  A basilisk (D)
  A crocodile (D)
9 creatures vanquished.

Grand Total: 47 creatures vanquished

Notes
Turn   | Place    | Note
-------+----------+-------------------------------------------
     0 | D        | tsouns the Halfling Berserker began the quest for the Orb.
     0 | D        | Reached XP level 1. HP: 15/15 MP: 1/1
     7 | D        | Reached ** piety under Trog
    10 | D        | Reached XP level 2. HP: 21/21 MP: 2/2
    20 | D        | Reached skill level 4 in Long Blades
    22 | D        | Reached *** piety under Trog
    26 | D        | Reached skill level 5 in Long Blades
    26 | D        | Reached XP level 3. HP: 27/27 MP: 3/3
    26 | D        | Reached XP level 4. HP: 34/34 MP: 4/4
    71 | D        | Found a roughly hewn altar of Beogh.
    71 | D        | Found a snail-covered altar of Cheibriados.
    71 | D        | Found a shadowy altar of Dithmenos.
    71 | D        | Found a white marble altar of Elyvilon.
    71 | D        | Found a blossoming altar of Fedhas.
    71 | D        | Found an opulent altar of Gozag.
    72 | D        | Found a hazy altar of Hepliaklqana.
    73 | D        | Found a viscous altar of Jiyva.
    74 | D        | Found an ancient bone altar of Kikubaaqudgha.
    75 | D        | Found a corrupted altar of Lugonu.
    76 | D        | Found a burning altar of Makhleb.
    77 | D        | Found a sparkling altar of Nemelex Xobeh.
    78 | D        | Found an iron altar of Okawaru.
    79 | D        | Found a stormy altar of Qazlal.
    80 | D        | Found a sacrificial altar of Ru.
    81 | D        | Found a shimmering blue altar of Sif Muna.
    82 | D        | Found a bloodstained altar of Trog.
    83 | D        | Found a hide-covered altar of Uskayaw.
    84 | D        | Found a radiant altar of Vehumet.
    85 | D        | Found an ornate altar of the Wu Jian Council.
    86 | D        | Found a shimmering altar of Xom.
    87 | D        | Found a basalt altar of Yredelemnul.
    88 | D        | Found a glowing silver altar of Zin.
    89 | D        | Found a glowing golden altar of the Shining One.
   192 | D        | Noticed an orc warrior
   192 | D        | Noticed a hippogriff
   192 | D        | Noticed a hornet
   192 | D        | Noticed a centaur
   204 | D        | HP: 2/51 [orc warrior/+0 halberd (5)]
   205 | D        | Killed an orc warrior
   205 | D        | Reached **** piety under Trog
   205 | D        | Reached skill level 7 in Long Blades
   205 | D        | Reached XP level 5. HP: 3/41 MP: 5/5
   422 | D        | Killed a hippogriff
   422 | D        | Reached skill level 9 in Long Blades
   422 | D        | Reached skill level 5 in Armour
   422 | D        | Reached skill level 5 in Dodging
   422 | D        | Reached skill level 1 in Stealth
   422 | D        | Reached XP level 6. HP: 49/49 MP: 6/6
   423 | D        | Killed a hornet
   423 | D        | Reached skill level 10 in Long Blades
   423 | D        | Reached XP level 7. HP: 56/56 MP: 7/7
   427 | D        | Reached ***** piety under Trog
   470 | D        | Noticed a troll
   470 | D        | Noticed a tengu warrior
   470 | D        | Noticed a troll
   478 | D        | Killed a troll
   478 | D        | Reached skill level 11 in Long Blades
   478 | D        | Reached XP level 8. HP: 63/63 MP: 8/8
   489 | D        | Killed a tengu warrior
   489 | D        | Reached skill level 10 in Fighting
   489 | D        | Reached skill level 12 in Long Blades
   489 | D        | Reached skill level 1 in Evocations
   489 | D        | Reached XP level 9. HP: 65/70 MP: 5/9
   494 | D        | Killed a troll
   499 | D        | Reached skill level 13 in Long Blades
   769 | D        | Noticed a cane toad
   772 | D        | Noticed a polar bear
   774 | D        | Killed a cane toad
   785 | D        | Reached skill level 14 in Long Blades
   791 | D        | Killed a polar bear
   791 | D        | Received a gift from Trog
   795 | D        | Reached XP level 10. HP: 79/79 MP: 10/10
   849 | D        | Noticed a five-headed hydra
   849 | D        | Noticed an elephant
   854 | D        | Killed a five-headed hydra
   857 | D        | Reached skill level 15 in Long Blades
   858 | D        | Noticed a black mamba
   860 | D        | Received a gift from Trog
   872 | D        | Killed an elephant
   872 | D        | Reached skill level 10 in Armour
   878 | D        | Killed a black mamba
  1046 | D        | Noticed a lindwurm
  1046 | D        | Noticed a lindwurm
  1057 | D        | Killed a lindwurm
  1057 | D        | Received a gift from Trog
  1073 | D        | Killed a lindwurm
  1073 | D        | Reached skill level 16 in Long Blades
  1085 | D        | Reached XP level 11. HP: 54/87 MP: 3/11
  1087 | D        | Noticed a lindwurm
  1094 | D        | Killed from afar by a lindwurm

Illustrated notes

Levels and vault maps discovered:
D:        linesprint [early_d, line_temple, items_1, d_10, items_2, lair_1,
          lair_end, items_3, orc_1, orc_end, items_4, d_15, swamp_1, shoals_1,
          snake_1, spider_1, d_20, vaults_1, items_5, swamp_end, shoals_end,
          snake_end, spider_end, vaults_end, d_27, items_6, zot_1, zot_end,
          crypt_end, forest_end, elf_end, slime_end, tomb_end, abyss_end,
          pan_hell_end]

Skill      XL: |  1  2  3  4  5  6  7  8  9 10 |
---------------+-------------------------------+-----
Fighting       | 3 4 6 7 8 9 10 11 12 | 12.8
Long Blades    | 5 7 9 10 11 12 14 16 | 16.2
Armour         | 3 4 5 6 7 8 9 11 | 11.1
Dodging        | 3 4 5 6 7 |  7.2
Stealth        | 1 2 |  2.4
Evocations     | 1 2 |  2.3

Action                   |  1- 3 |  4- 6 |  7- 9 | 10-12 || total
-------------------------+-------+-------+-------+-------++-------
Melee: Falchion          |    14 |     2 |       |       ||    16
       Scimitar          |       |    14 |    53 |    16 ||    83
       Double sword      |       |       |       |    26 ||    26
Invok: Berserk           |     1 |     2 |     2 |     1 ||     6
       Trog's Hand       |       |     1 |       |       ||     1
       Brothers in Arms  |       |       |     1 |     2 ||     3
Evoke: Wand              |       |     2 |       |       ||     2
Armor: Chain mail        |       |     4 |    21 |    14 ||    39
Dodge: Dodged            |     9 |     8 |    25 |    20 ||    62
       Rpst.: Falchion   |     5 |       |       |       ||     5
       Scimitar          |       |     1 |     3 |     4 ||     8
       Double sword      |       |       |       |     1 ||     1

Table legend: (Time is in decaauts)
 A = Elapsed time spent in this place.
 B = Non-inter-level travel time spent in this place.
 C = Inter-level travel time spent in this place.
 D = Time resting spent in this place.
 E = Time spent auto-exploring this place.
 F = Levels seen in this place.
 G = Mean time per level.
                   A        B        C        D        E       F      G
               +--------+--------+--------+--------+--------+-----+--------+
         Total |   1121 |   1121 |      0 |    691 |     77 |   1 | 1121.0 |
       Dungeon |   1121 |   1121 |      0 |    691 |     77 |   1 | 1121.0 |
               +--------+--------+--------+--------+--------+-----+--------+

Top non-repeatable levels by time:
       D: 1121 daAuts
